Map: Dusk Towers

Players

blackxored

  • Race: Zerg Zerg
  • League: Platinum

Mayeut - Winner!

  • Race: Zerg Zerg
  • League: Diamond

VOD

Have the link to the VOD?

Description

Time

  • Played on: June 29, 2016, 5:43 p.m.
  • Length: 8:52
Show
View Real Time Build Order
Export as new Build Order

blackxored Zerg 

Build Orders: Hatch First 

Get SALT Encoding   

  12  0:02  Drone  
  13  0:09  Drone  
  14  0:17  Overlord  
  14  0:23  Extractor  
  14  0:24  Drone  
  15  0:36  Drone  
  15  0:37  Drone  
  17  0:56  Drone  
  18  0:58  Drone, Hatchery  
  18  1:11  Extractor  
  17  1:13  Spawning Pool  
  17  1:16  Drone  
  17  1:21  Drone  
  18  1:29  Drone  
  19  1:39  Overlord  
  19  1:49  Drone  
  20  2:00  Queen  
  22  2:01  Zergling x2  
  23  2:10  Queen  
  23  2:11  Zergling x2  
  23  2:12  Zergling x2  
  23  2:14  Metabolic Boost  
  27  2:25  Drone  
  27  2:26  Drone  
  29  2:37  Drone x2  
  29  2:38  Baneling Nest  
  30  2:50  Zergling x4, Hatchery  
  31  2:55  Drone  
  31  2:56  Drone  
  33  3:10  Baneling Nest  
  33  3:11  Roach Warren  
  31  3:13  Drone x2  
  31  3:14  Drone  
  34  3:23  Lair  
  34  3:25  Drone  
  35  3:29  Extractor  
  35  3:33  Overlord  
  34  3:37  Drone x2  
  36  3:43  Baneling x2  
  36  3:44  Baneling  
  35  3:56  Roach  
  35  3:59  Roach  
  39  4:05  Roach  
  41  4:12  Roach x2  
  43  4:21  Roach x2  
  46  4:28  Roach  
  44  4:35  Roach x2  
  44  4:38  Zergling x8  
  47  4:40  Overlord x2  
  50  4:56  Glial Reconstitution  
  50  4:57  Queen x2  
  50  4:59  Drone  
  55  5:01  Baneling  
  55  5:03  Baneling  
  52  5:10  Roach  
  52  5:11  Roach  
  46  5:16  Roach  
  45  5:21  Drone x3  
  45  5:23  Evolution Chamber  
  47  5:29  Roach x2  
  47  5:31  Zergling x2  
  52  5:42  Roach  
  56  5:43  Roach x2  
  54  5:50  Roach x2  
  47  5:58  Roach  
  47  5:59  Roach  
  49  6:05  Roach  
  49  6:09  Drone x4  
  49  6:10  Drone x2  
  53  6:28  Roach  
  55  6:35  Hatchery  
  53  6:53  Overlord x2  
  51  6:57  Roach x3  
  47  7:07  Roach x2  
  47  7:08  Roach  
  50  7:13  Roach  
  31  7:25  Zergling x20  
  39  7:36  Roach x2  
  37  7:37  Queen  
  37  7:38  Queen  
  37  7:47  Roach  
  39  7:52  Roach  
  39  7:53  Baneling x2  
  41  8:00  Drone  
  40  8:13  Queen  
  40  8:19  Drone x5  
  46  8:28  Drone  
  46  8:30  Drone  
  48  8:37  Drone  
Show
View Real Time Build Order
Export as new Build Order

Mayeut Zerg - Winner!

Build Orders: Hatch First 

Get SALT Encoding   

  12  0:00  Drone  
  13  0:12  Overlord  
  13  0:17  Drone  
  14  0:30  Drone x2  
  16  0:39  Drone  
  17  0:53  Hatchery  
  17  0:56  Drone  
  17  1:00  Extractor  
  17  1:01  Drone  
  17  1:18  Spawning Pool  
  17  1:19  Drone  
  17  1:22  Drone  
  18  1:28  Drone  
  19  1:39  Overlord  
  19  1:49  Drone  
  20  2:05  Queen x2  
  20  2:07  Metabolic Boost  
  24  2:10  Zergling x2  
  24  2:11  Zergling x2  
  26  2:19  Drone x2  
  28  2:27  Drone  
  28  2:28  Drone  
  30  2:38  Evolution Chamber  
  30  2:41  Drone x2  
  31  2:46  Overlord  
  31  2:54  Drone x2  
  33  3:01  Drone  
  33  3:05  Zerg Melee Weapons Level 1  
  34  3:11  Zergling x2  
  34  3:12  Zergling x2  
  36  3:22  Zergling x2  
  36  3:23  Zergling x10  
  42  3:44  Hatchery  
  42  3:45  Overlord  
  42  3:46  Zergling x6  
  44  3:49  Overlord  
  41  4:17  Overlord, Zergling x2  
  41  4:18  Zergling x12  
  48  4:28  Zergling x4  
  45  4:44  Zergling x2  
  45  4:45  Zergling x6  
  48  4:49  Queen  
  48  4:51  Zergling x2  
  48  4:52  Zergling x10  
  56  4:55  Evolution Chamber  
  56  4:58  Drone x3  
  46  5:31  Drone x2  
  46  5:32  Drone x7  
  46  5:33  Drone  
  56  5:40  Zerg Ground Armor Level 1  
  54  5:51  Zergling x6  
  55  6:01  Zergling x4  
  55  6:02  Zergling x12  
  55  6:03  Zergling x2  
  60  6:15  Zergling x6  
  60  6:16  Zergling x6  
  63  6:27  Lair  
  63  6:31  Extractor  
  62  6:34  Extractor  
  62  6:35  Extractor  
  62  6:39  Zergling x4  
  62  6:40  Drone x4  
  62  6:41  Drone x5  
  62  6:42  Drone x2  
  69  6:55  Drone x3  
  69  6:56  Drone x2  
  69  6:59  Overlord x4  
  71  7:13  Drone x3  
  72  7:24  Zergling x4  
  72  7:25  Zergling x12  
  77  7:33  Spire  
  77  7:34  Drone x3  
  71  7:50  Drone  
  72  7:55  Zergling x2  
  72  7:56  Zergling x12  
  72  7:57  Zergling x10  
  84  8:03  Hatchery  
  83  8:12  Zergling x6  
  83  8:13  Zergling x6  
  85  8:30  Zergling x14  
  85  8:31  Zergling x6  
Tags
 
Add a new tag
Caveats
  • Supply blocks, unpowered buildings, or Contaminate may cause inaccurate times.
  • Supply counts are checked every 10 seconds.